 Dungeon Crawl Stone Soup version 0.29.1 (webtiles) character file.

Game seed: 5383283941798589155

22 Icepheonix32 the Caller (level 2, 0/19 HPs)
             Began as a Merfolk Summoner on Sept 13, 2022.
             Killed from afar by a dart slug (5 damage)
             ... with a slug dart
             ... on level 2 of the Dungeon.
             The game lasted 00:01:58 (2295 turns).

Icepheonix32 the Caller (Merfolk Summoner)          Turns: 2295, Time: 00:01:59

Health: 0/19       AC:  2    Str:  8    XL:     2   Next: 91%
Magic:  2/5        EV: 12    Int: 14    God:
Gold:   62         SH:  0    Dex: 14    Spells: 2/5 levels left

rFire   . . .      SeeInvis .   f - +0 short sword
rCold   . . .      Faith    .   (no shield)
rNeg    . . .      Spirit   .   a - +0 robe
rPois   .          Reflect  .   (no helmet)
rElec   .          Harm     .   (no cloak)
rCorr   .          Rampage  .   (no gloves)
Will    .....                   (no boots)
Stlth   ++........              (no amulet)
HPRegen 0.06/turn               (no ring)
MPRegen 0.09/turn               (no ring)

@: no status effects
A: (nimble swimmer 2), mertail
a: no special abilities


You were on level 2 of the Dungeon.
You visited 1 branch of the dungeon, and saw 2 of its levels.

You collected 62 gold pieces.

Inventory:

Hand Weapons
 f - a +0 short sword (weapon)
Armour
 a - a +0 robe (worn)
 e - a +0 leather armour
Jewellery
 g - a ring of protection from fire
Scrolls
 d - a scroll of identify {unknown}
 h - a scroll of brand weapon {unknown}
 j - a scroll of immolation {unknown}
Potions
 b - a potion of magic
 c - a potion of degeneration {unknown}
 i - a potion of invisibility {unknown}
 k - a potion of attraction {unknown}
 l - a potion of flight {unknown}
 m - a potion of curing {unknown}


   Skills:
 - Level 2.6 Dodging
 - Level 2.1 Stealth
 - Level 2.0 Spellcasting
 + Level 4.8 Summonings


You had 2 spell levels left.
You knew the following spells:

 Your Spells              Type           Power      Damage    Failure   Level
a - Summon Small Mammal   Summ           60%        N/A       3%          1
b - Call Imp              Summ           15%        N/A       4%          2

Your spell library contained the following spells:

 Spells                   Type           Power      Damage    Failure   Level
 Necrotise                Necr           4%         1d4       24%         1
 Call Canine Familiar     Summ           15%        N/A       10%         3
 Summon Guardian Golem    Hex/Summ       8%         N/A       26%         3
 Gell's Gravitas          Tloc           1%         N/A       56%         3
 Lesser Beckoning         Tloc           1%         N/A       56%         3
 Teleport Other           Tloc           1%         N/A       56%         3
 Vampiric Draining        Necr           1%         2d6       56%         3
 Summon Lightning Spire   Summ/Air       8%         N/A       65%         4
 Agony                    Necr           1%         N/A       100%        5
 Malign Gateway           Summ/Tloc      4%         N/A       100%        7
 Summon Horrible Things   Summ           7%         N/A       100%        8


Dungeon Overview and Level Annotations

Branches:
Dungeon (2/15)

Altars:
Nemelex Xobeh


Innate Abilities, Weirdness & Mutations

((You are very nimble when in or above water. (Stealth+, EV+, Speed+++)))
Your lower body shifts to a powerful aquatic tail in water.


Message History

You hit the kobold but do no damage.
The kobold is moderately wounded.
Your crimson imp closely misses the kobold.
The kobold hits you but does no damage.
You hit the kobold but do no damage.
The kobold is moderately wounded.
Your crimson imp hits the kobold.
The kobold closely misses you.
You hit the kobold but do no damage.
The kobold is heavily wounded.
Your crimson imp hits the kobold.
The kobold hits you with a +0 club.
You hit the kobold but do no damage.
The kobold is severely wounded.
Your crimson imp misses the kobold.
The kobold hits you with a +0 club.
You are too injured to fight recklessly!
You are too injured to fight recklessly!
You are too injured to fight recklessly!
You closely miss the kobold.
The kobold is severely wounded.
Your crimson imp closely misses the kobold.
The kobold hits you with a +0 club.
* * * LOW HITPOINT WARNING * * *
You barely miss the kobold.
The kobold is severely wounded.
Your crimson imp hits the kobold.
The kobold dies!
Unknown command.
Unknown command.
Casting: Call Imp (safe; 4% risk of failure)
Confirm with . or Enter, or press ? or * to list all spells.
Your crimson imp hits the dart slug.
The dart slug briefly extends its eye-stalks.
The dart slug launches a dart at you. The slug dart misses you.
Unknown command.
Casting: Summon Small Mammal (safe; 3% risk of failure)
Confirm with . or Enter, or press ? or * to list all spells.
Your crimson imp hits the dart slug.
The dart slug launches a dart at you. The slug dart hits you.
You die...

##########
......rr.#############
.....w)@.'...........#
......5..###########.#
.........# #######.###
#####....# ...........
#....# ##########.
....... ## ..###... #
## #####


You could see a dart slug (ally target), a friendly crimson imp (summoned) and 2
friendly rats.

Vanquished Creatures
  A hobgoblin (D:1)
  3 jackals (D:2)
  A quokka (D:1)
  A ball python (D:2)
  2 bats (D:1)
  A frilled lizard (D:2)
  2 kobolds (D:1)
  A rat (D:1)
12 creatures vanquished.

Vanquished Creatures (collateral kills)
  A worm (D:2)
  2 goblins (D:1)
  A kobold (D:2)
  A bat (D:1)
  A frilled lizard (D:1)
  A rat (D:1)
7 creatures vanquished.

Grand Total: 19 creatures vanquished

Notes
Turn   | Place    | Note
-------+----------+-------------------------------------------
     0 | D:1      | Icepheonix32 the Merfolk Summoner began the quest for the
                  | Orb.
     0 | D:1      | Reached XP level 1. HP: 13/13 MP: 3/3
    88 | D:1      | Found a faded altar of an unknown god.
   433 | D:1      | Reached XP level 2. HP: 9/19 MP: 1/5
  1881 | D:2      | Learned a level 2 spell: Call Imp
  2148 | D:2      | Found a sparkling altar of Nemelex Xobeh.
  2295 | D:2      | Killed from afar by a dart slug

Illustrated notes

Levels and vault maps discovered:
D:1:      mushboom_english_gardens, layout_basic,
          chequers_ecumenical_altar_simple_redux, patterned_corridor
D:2:      kennysheep_big_flooded_room, layout_basic, basic_altar, fountainhead

Action                   || total
-------------------------++-------
Melee: Club              ||     7
       Short sword       ||    71
       Unarmed           ||     5
 Cast: Summon Small Mamm ||    20
       Call Imp          ||     7
 Stab: Distracted        ||     1
       Sleeping          ||     1
Armor: Robe              ||    16
Dodge: Dodged            ||    86
